 Dungeon Crawl Stone Soup version 0.26.1-10-gdfb7c7de75 (webtiles) character file.

Game seed: 15556338141361778193

243 lauthentik the Grave Robber (level 5, -2/35 HPs)
             Began as a Vampire Necromancer on Apr 9, 2021.
             Slain by a gnoll
             ... wielding a +2 flail of protection
              (15 damage)
             ... on level 3 of the Dungeon.
             The game lasted 00:09:38 (3163 turns).

lauthentik the Grave Robber (Vampire Necromancer)   Turns: 3163, Time: 00:09:39

Health: -2/35      AC:  2    Str:  7    XL:     5   Next: 82%
Magic:  0/11       EV: 13    Int: 19    God:
Gold:   153        SH:  0    Dex: 14    Spells: 7/12 levels left

rFire    . . .     SeeInvis +   d - +0 spear (flame)
rCold    . . .     Faith    .   (no shield)
rNeg     + . .     Spirit   .   a - +0 robe
rPois    .         Reflect  .   (no helmet)
rElec    .         Harm     .   (no cloak)
rCorr    .         Rampage  .   (no gloves)
Will     .....                  (no boots)
Stlth    ++........             r - amulet of regeneration
HPRegen  0.71/turn              j - ring of positive energy
MPRegen  0.12/turn              (no ring)

@: regenerating quickly
A: fangs 3, see invisible, unbreathing
a: Exsanguinate


You were on level 3 of the Dungeon.
You visited 1 branch of the dungeon, and saw 4 of its levels.

You collected 153 gold pieces.

Inventory:

Hand Weapons
 d - a +0 spear of flaming (weapon)
Missiles
 c - 11 poisoned darts
 f - 7 boomerangs
Armour
 a - a +0 robe (worn)
Jewellery
 j - a ring of positive energy (left hand)
 r - an amulet of regeneration (around neck)
Wands
 p - a wand of iceblast (11)
Scrolls
 b - 2 scrolls of remove curse {unknown}
 e - a scroll of magic mapping {unknown}
 i - a scroll of teleportation {unknown}
 k - 4 scrolls of enchant armour {unknown}
 n - a scroll of enchant weapon {unknown}
 q - 4 scrolls of identify {unknown}
 s - a scroll of immolation {unknown}
Potions
 g - a potion of ambrosia {unknown}
 h - a potion of lignification {unknown}
 l - 2 potions of resistance {unknown}
 m - a potion of curing {unknown}
 o - 3 potions of brilliance {unknown}


   Skills:
 + Level 0.3 Polearms
 + Level 2.4 Dodging
 + Level 3.2 Stealth
 + Level 4.1 Spellcasting
 + Level 6.1 Necromancy


You had 7 spell levels left.
You knew the following spells:

 Your Spells              Type           Power        Failure   Level
a - Pain                  Necr           100%         1%          1
b - Animate Dead          Necr           13%          11%         4

Your spell library contained the following spells:

 Spells                   Type           Power        Failure   Level
 Animate Skeleton         Necr           54%          1%          1
 Vampiric Draining        Necr           13%          3%          3
 Agony                    Necr           27%          30%         5


Dungeon Overview and Level Annotations

Branches:
Dungeon (4/15)
 Temple: D:4-7

Altars:


Innate Abilities, Weirdness & Mutations

Your natural rate of healing is unusually fast.
You have razor-sharp teeth.
You have supernaturally acute eyesight. (SInv)
You can survive without breathing.


Message History

You kill the leopard gecko!
Casting: Pain (safe; 1% risk of failure)
Confirm with . or Enter, or press ? or * to list all spells.
Aiming: Pain (safe; 1% risk of failure)
Press: ? - help, Shift-Dir - straight line, f - gnoll
Aim: a gnoll, wielding a +2 flail of protection (moderately wounded, chance to affect: 89%)
The gnoll writhes in agony!
The gnoll closely misses you.
Casting: Pain (safe; 1% risk of failure)
Confirm with . or Enter, or press ? or * to list all spells.
Aiming: Pain (safe; 1% risk of failure)
Press: ? - help, Shift-Dir - straight line, f/p - gnoll
Aim: a gnoll, wielding a +2 flail of protection (severely wounded, chance to affect: 89%)
The gnoll writhes in agony.
You closely miss the gnoll.
The gnoll is almost dead.
The gnoll hits you with a +2 flail of protection.
You closely miss the gnoll.
The gnoll is almost dead.
The gnoll hits you with a +2 flail of protection!
You die...

.##)#
.##.#############
.##.............#
.####.......###.#
#...........# #.#
'...........###.#
#...............##
#....####'#.#....#
#....# #.#.#.##@#
.....####.#.#.##g#
..............).g#
#.......#รท.......#
#.###...#........#
#.#....##........#
#.#....##........#
#.#....##........#
..#....##........#


You could see 2 gnolls.

Vanquished Creatures
  A howler monkey (D:2)
  2 orc priests (D:3)
  An orc wizard (D:3)
  A gnoll (D:4)
  2 adders
  An ooze (D:1)
  2 worms
  A dart slug (D:1)
  3 leopard geckos
  3 orcs (D:3)
  3 ball pythons (D:2)
  4 bats (D:2)
  4 giant cockroaches
  10 goblins
  15 hobgoblins
  2 jackals (D:3)
  6 kobolds
  4 frilled lizards
  9 rats
74 creatures vanquished.

Notes
Turn   | Place    | Note
-------+----------+-------------------------------------------
     0 | D:1      | lauthentik the Vampire Necromancer began the quest for the
                  | Orb.
     0 | D:1      | Reached XP level 1. HP: 13/13 MP: 3/3
   361 | D:1      | Reached XP level 2. HP: 6/19 MP: 0/5
   598 | D:1      | Reached skill level 5 in Necromancy
   778 | D:1      | Reached XP level 3. HP: 20/24 MP: 3/6
  1084 | D:2      | Reached XP level 4. HP: 29/30 MP: 6/8
  2250 | D:3      | Learned a level 4 spell: Animate Dead
  2629 | D:3      | Reached XP level 5. HP: 16/35 MP: 3/10
  2633 | D:3      | Reached skill level 6 in Necromancy
  3163 | D:3      | Slain by a gnoll

Illustrated notes

Levels and vault maps discovered:
D:1:      dpeg_arrival_rooms_a, layout_loops_ring, hex_medium,
          chequers_decorated_corner
D:2:      layout_loops_ring
D:3:      layout_basic, nrook_mini_vaults
D:4:      layout_rooms, nicolae_overflow_hidden_temple, kiku_gazebo_pond_becter,
          serial_shops, nicolae_shop_waterfront

Skill      XL: |  1  2  3  4  5 |
---------------+----------------+-----
Necromancy     | 5 6 |  6.1
Spellcasting   | 3 4 |  4.1
Polearms       | |  0.3
Dodging        | |  2.4
Stealth        | |  3.2

Action                   |  1- 3 |  4- 6 || total
-------------------------+-------+-------++-------
Melee: Spear             |    17 |    23 ||    40
 Cast: Pain              |    36 |    95 ||   131
       Animate Dead      |       |     2 ||     2
Armor: Robe              |     3 |     3 ||     6
Dodge: Dodged            |     6 |    19 ||    25
